 Dungeon Crawl Stone Soup version 0.30.1-11-g7821555f0a (webtiles) character file.

Game seed: 10943221485173084516

1754 Breadora the Cruncher (level 8, -12/71 HPs)
             Began as a Minotaur Fighter on Nov 17, 2023.
             Killed by an exploding phantom (39 damage)
             ... ignited by their inner flame
             ... on level 6 of the Dungeon.
             The game lasted 00:24:57 (4374 turns).

Breadora the Cruncher (Minotaur Fighter)            Turns: 4374, Time: 00:24:58

Health: -12/71     AC: 13    Str: 23    XL:     8   Next: 78%
Magic:  7/7        EV:  9    Int:  5    God:
Gold:   246        SH:  0    Dex: 10    Spells: 7/7 levels left

rFire   . . .        h - +0 lajatang
rCold   + . .        (shield currently unavailable)
rNeg    . . .        u - +1 chain mail
rPois   +            (helmet restricted)
rElec   .            (no cloak)
rCorr   .            (no gloves)
SInv    .            l - +0 pair of boots
Will    .....        D - amulet of regeneration Stlth
                     f - ring of poison resistance
HPRegen 1.11/turn    o - ring of protection from cold
MPRegen 0.10/turn

%: no passive effects
@: no status effects
A: horns 2, retaliatory headbutt
a: no special abilities


You were on level 6 of the Dungeon.
You visited 1 branch of the dungeon, and saw 6 of its levels.

You collected 246 gold pieces.

Inventory:

Hand Weapons
 a - a +0 flail
 h - a +0 lajatang (weapon)
 v - a +2 whip of electrocution
Missiles
 x - 9 poisoned darts (quivered)
 C - 3 atropa-tipped darts
 E - a curare-tipped dart
 F - a throwing net
Armour
 b - a +0 scale mail
 c - a +0 buckler
 l - a +0 pair of boots (worn)
 u - a +1 chain mail (worn)
Jewellery
 f - a ring of poison resistance (left hand)
 i - an amulet of magic regeneration
 j - a ring of poison resistance
 o - a ring of protection from cold (right hand)
 p - a ring of protection from fire
 z - a ring of flight
 D - an amulet of regeneration (around neck)
Wands
 A - a wand of digging (4)
 I - a wand of flame (12)
Scrolls
 e - a scroll of vulnerability {unknown}
 k - 2 scrolls of enchant armour
 n - 4 scrolls of identify
 s - 3 scrolls of teleportation
 t - a scroll of enchant weapon {unknown}
 w - 2 scrolls of noise {unknown}
 y - a scroll of torment {unknown}
 H - a scroll of fear {unknown}
Potions
 d - 2 potions of attraction
 g - a potion of curing {unknown}
 m - a potion of lignification {unknown}
 r - a potion of heal wounds
 B - a potion of degeneration {unknown}
 G - a potion of cancellation {unknown}


   Skills:
 + Level 6.9 Fighting
 + Level 2.6(6.4) Maces & Flails
 + Level 9.2(9.4) Staves
 + Level 2.3 Throwing
 + Level 7.4 Armour
 + Level 1.6 Dodging
 + Level 0.3 Stealth
 + Level 4.0 Shields


You had 7 spell levels left.
You didn't know any spells.
Your spell library was empty.

Dungeon Overview and Level Annotations

Branches:
Dungeon (5/15)
 Temple: D:4-7

Altars:

Shops:
D:1 =!=[=   D:5 [


Innate Abilities, Weirdness & Mutations

You have a pair of horns on your head.
You reflexively headbutt those who attack you in melee.


Message History

You slash the vampire mosquito!
The vampire mosquito is heavily damaged.
The vampire mosquito barely misses you. You furiously retaliate!
You headbutt the vampire mosquito! The vampire mosquito bites you.
The vampire mosquito draws strength from your injuries!
Something hits you but does no damage.
You miss the vampire mosquito.
The vampire mosquito is severely damaged.
The vampire mosquito closely misses you.
The phantom barely misses you. You furiously retaliate!
You headbutt the phantom.
You hear some strange, mumbled words.
Something tries to affect you, but you resist.
The vampire mosquito barely misses you.
Really read the scroll of immolation?
Uppercase [Y]es or [N]o only, please.
Really read the scroll of immolation?
As you read the scroll of immolation, it crumbles to dust.
The creatures around you are filled with an inner flame!
The vampire mosquito closely misses you.
The phantom hits you but does no damage.
Something hits you but does no damage.
The shadow imp hits you but does no damage.
The vampire mosquito bites you.
The vampire mosquito draws strength from your injuries!
You barely miss something.
Flame seeps out of something.
You headbutt something. The vampire mosquito barely misses you.
You furiously retaliate!
You headbutt the vampire mosquito!
Flame seeps out of the vampire mosquito.
The phantom hits you but does no damage.
Reactivating autopickup.
You feel a bit more experienced.
The orc wizard explodes!
The fiery explosion engulfs you!!
The fiery explosion engulfs the shadow imp!!!
The fiery explosion engulfs the phantom!!
The phantom explodes!
The fiery explosion engulfs you!!!
Ouch! That really hurt!
You die...

#####.## # #.# ... #
#.#### ### #..# #
#.#.. ...#..# # #
#.#.# ####.##..###. #
#.#.###........... ..
#
#.(.....#...#l..#...#
# ###.###[§#§§§#...#
# #.# #{).#○@y# # #.#
#..#.§§#o..#
#######.#
#.#..§#§..#...#
........#
#........... ..
#########
#...#...#...# .......
#(.#...#...#..
#######
#.#(..#...#...#
...... .. #.. ...#...
######


You could see an orc warrior (inner flame), a vampire mosquito (inner flame) and
an iguana (inner flame).

Vanquished Creatures
  A troll (D:6)
  A wyvern (D:6)
  2 ice beasts (D:6)
  An ogre (D:4)
  A centaur (D:5)
  2 phantoms (D:6)
  A kobold brigand (D:4)
  8 wights (D:6)
  A howler monkey (D:4)
  A jelly (D:6)
  A hound (D:6)
  A gnoll bouda (D:6)
  An orc priest (D:4)
  3 orc wizards
  8 gnolls
  8 adders
  3 shadow imps
  An ufetubus (D:5)
  A worm (D:4)
  2 dart slugs
  15 orcs
  6 ball pythons
  4 endoplasms
  3 giant cockroaches
  9 goblins
  3 hobgoblins
  8 jackals
  8 kobolds
  4 quokkas
  4 bats
  3 frilled lizards
  8 rats
123 creatures vanquished.

Notes
Turn   | Place    | Note
-------+----------+-------------------------------------------
     0 | D:1      | Breadora the Minotaur Fighter began the quest for the Orb.
     0 | D:1      | Reached XP level 1. HP: 19/19 MP: 0/0
   161 | D:1      | Reached XP level 2. HP: 22/27 MP: 1/1
   164 | D:1      | Found Eseniy's Jewellery Shop.
   241 | D:1      | Found Cummalus's Distillery.
   497 | D:1      | Found Lazuun's Jewellery Boutique.
   505 | D:1      | Found Ecisal's Armour Shop.
   664 | D:1      | Reached XP level 3. HP: 32/33 MP: 2/2
   704 | D:1      | Found Veluch's Jewellery Shop.
   932 | D:2      | Reached skill level 1 in Staves
  1619 | D:2      | Reached XP level 4. HP: 37/40 MP: 3/3
  1674 | D:2      | Reached skill level 2 in Staves
  1879 | D:3      | Reached skill level 5 in Armour
  2199 | D:3      | Reached skill level 3 in Staves
  2199 | D:3      | Reached XP level 5. HP: 35/47 MP: 4/4
  2605 | D:4      | Reached skill level 4 in Staves
  2624 | D:4      | Noticed an ogre
  2632 | D:4      | Killed an ogre
  2633 | D:4      | Reached XP level 6. HP: 23/53 MP: 5/5
  2857 | D:4      | Reached skill level 5 in Staves
  3265 | D:4      | Reached skill level 5 in Fighting
  3265 | D:4      | Reached skill level 1 in Throwing
  3638 | D:5      | Entered Level 5 of the Dungeon
  3647 | D:5      | Found Halaoz's Antique Armour Emporium.
  3811 | D:5      | Reached skill level 6 in Staves
  3811 | D:5      | Reached skill level 1 in Dodging
  3811 | D:5      | Reached XP level 7. HP: 45/61 MP: 6/6
  4046 | D:5      | You fall into a shaft and drop 1 floor!
  4054 | D:6      | Noticed a wyvern
  4068 | D:6      | Killed a wyvern
  4150 | D:6      | Reached skill level 7 in Staves
  4150 | D:6      | Reached XP level 8. HP: 70/70 MP: 7/7
  4217 | D:6      | Reached skill level 8 in Staves
  4349 | D:6      | Noticed a troll
  4357 | D:6      | Killed a troll
  4365 | D:6      | Reached skill level 9 in Staves
  4374 | D:6      | Killed by an exploding phantom... ignited by their inner
                  | flame

Illustrated notes

Levels and vault maps discovered:
D:1:      sevenhm_arrival_forest_fort_small_3, layout_loops_cross, serial_shops,
          nicolae_shop_advertising_works [nicolae_subvault_shop_adworks], shop,
          nicolae_shop_hallway_stairs, nicolae_shop_tiny_glass,
          nicolae_shop_waterfront, amcnicky_mini_rare_corridor_liquid,
          kennysheep_boxes
D:2:      layout_loops_corners, fountainhead, minmay_pentomino_x2
D:3:      layout_rooms
D:4:      layout_basic
D:5:      layout_loops_corners, minmay_temple_entry_fiery, serial_shops, shop
D:6:      cheibrodos_fzero, layout_loops_ring

Skill      XL: |  1  2  3  4  5  6  7  8 |
---------------+-------------------------+-----
Fighting       | 4 5 6 |  6.9
Armour         | 4 5 6 7 |  7.4
Shields        | 4 |  4.0
Staves         | 1 3 4 6 7 9 |  9.2
Throwing       | 1 2 |  2.3
Dodging        | 1 |  1.6
Maces & Flails | |  2.6
Stealth        | |  0.3

Action                     |  1- 3 |  4- 6 |  7- 9 || total
---------------------------+-------+-------+-------++-------
  Melee: Flail             |    22 |       |       ||    22
         Headbutt          |     6 |    12 |     5 ||    23
         Lajatang          |    64 |   141 |    53 ||   258
  Throw: Dart              |       |    23 |     9 ||    32
    Use: Scroll            |     2 |     2 |     2 ||     6
         Potion            |       |       |     2 ||     2
 Armour: Scale mail        |    51 |     9 |       ||    60
         Chain mail        |       |   111 |    31 ||   142
  Dodge: Dodged            |    40 |    70 |    38 ||   148
  Block: Buckler           |     6 |       |       ||     6
